 Dungeon Crawl Stone Soup version 0.27.1-1-g398f81649c (webtiles) character file.

Game seed: 2502460596096103748

219 ABBCCCDDDD the Sneak (level 5, 0/36 HPs)
             Began as an Octopode Delver on Sept 5, 2021.
             Succumbed to a scorpion's poison
             ... on level 4 of the Dungeon.
             The game lasted 00:08:53 (4984 turns).

ABBCCCDDDD the Sneak (Octopode Delver)              Turns: 4984, Time: 00:08:53

Health: 0/36       AC:  1    Str: 12    XL:     5   Next: 96%
Magic:  6/8        EV: 13    Int: 13    God:
Gold:   182        SH:  5    Dex: 13    Spells: 6/8 levels left

rFire    . . .     SeeInvis .   a - +0 short sword
rCold    . . .     Faith    .   m - +1 buckler
rNeg     . . .     Spirit   .   (helmet restricted)
rPois    .         Reflect  .   (no amulet)
rElec    .         Harm     .   (no ring)
rCorr    .         Rampage  .   (no ring)
Will     .....                  (no ring)
Stlth    ++++......             (no ring)
HPRegen  0.12/turn              (no ring)
MPRegen  0.11/turn              (no ring)
                                (no ring)
                                (no ring)

@: lethally poisoned (0 -> -10)
A: almost no armour, amphibious, 8 rings, camouflage 1, gelatinous body 1,
(nimble swimmer 1), tentacles
a: no special abilities


You were on level 4 of the Dungeon.
You visited 2 branches of the dungeon, and saw 7 of its levels.

You collected 182 gold pieces.

Inventory:

Hand Weapons
 a - a +0 short sword (weapon)
Missiles
 h - 198 stones
 k - 6 datura-tipped darts
 r - 5 boomerangs
Armour
 m - a +1 buckler (worn)
Wands
 f - a wand of digging (3)
Scrolls
 b - 2 scrolls of fog
 d - 4 scrolls of fear
 j - a scroll of blinking {unknown}
 l - a scroll of noise {unknown}
 n - 3 scrolls of enchant armour
 o - a scroll of identify {unknown}
 s - a scroll of silence {unknown}
Potions
 c - a potion of curing
 e - a potion of haste
 i - 2 potions of mutation {unknown}
 p - a potion of brilliance {unknown}
 q - 2 potions of might {unknown}


   Skills:
 - Level 3.0 Fighting
 - Level 3.0 Short Blades
 - Level 2.0 Dodging
 - Level 6.6 Stealth
 + Level 2.9 Shields
 - Level 2.0 Spellcasting
 - Level 3.0 Hexes


You had 6 spell levels left.
You knew the following spells:

 Your Spells              Type           Power      Damage    Failure   Level
a - Slow                  Hex            9%         N/A       13%         2

Your spell library contained the following spells:

 Spells                   Type           Power      Damage    Failure   Level
 Confusing Touch          Hex            9%         N/A       26%         3
 Vampiric Draining        Necr           0%         2d6       65%         3


Dungeon Overview and Level Annotations

Branches:
Dungeon (6/15)             Temple (1/1) D:4

Altars:
Ashenzari
Cheibriados
Dithmenos
Fedhas
Hepliaklqana
Kikubaaqudgha
Nemelex Xobeh
Qazlal
Ru
Sif Muna
Vehumet
Xom
Zin
The Shining One

Annotations:
D:4 Dowan, Duvessa, Edmund, Eustachio
D:5 Ijyb


Innate Abilities, Weirdness & Mutations

You cannot wear most types of armour.
You are amphibious.
You can wear up to eight rings at the same time.
Your skin changes colour to match your surroundings (Stealth+).
Your rubbery body absorbs attacks. (AC +1, EV +1)
((You are camouflaged near water. (Stealth+)))
You have tentacles for arms and can constrict up to eight enemies at once.


Message History

Your ball python bites the scorpion but does no damage.
Your ball python constricts the scorpion.
The scorpion stings your kobold!
Your kobold dies!
Your kobold's corpse dissolves into shadows!
The scorpion completely misses your goblin.
Your ball python bites the scorpion.
Your ball python constricts the scorpion.
Your goblin barely misses the scorpion.
The scorpion stings your ball python!
Your ball python dies!
Your ball python's corpse dissolves into shadows!
The scorpion stings your goblin!
Your goblin dies!
Your goblin's corpse dissolves into shadows!
Okay, then.
Aiming: Slow (safe; 13% risk of failure)
Press: ? - help, Q - select action, (/) - cycle Shift-Dir - straight line, f - you, p - scorpion
Okay, then.
Unknown command.
Casting: Slow (safe; 13% risk of failure)
Confirm with . or Enter, or press ? or * to list all spells.
Okay, then.
As you read the scroll labelled AMALEY EXTURHU, it crumbles to dust.
It is a scroll of enchant armour.
Your +0 buckler glows green for a moment.
The scorpion refuses to make way for you. (Use ctrl+direction or * direction to attack.)
The scorpion refuses to make way for you. (Use ctrl+direction or * direction to attack.) Unknown command.
Unknown command.
You closely miss the scorpion. Your grab misses the scorpion.
The scorpion is severely wounded.
The scorpion stings you! x2
* * * LOW HITPOINT WARNING * * *
You are lethally poisoned!
The scorpion poisons you!
You hit the scorpion but do no damage. You grab the scorpion.
The scorpion is severely wounded.
You constrict the scorpion, but do no damage.
You die...

...............#
....#..........#
....#..........#
....#..######..#
.......####....#
........#...#..###
..........##...#.#
#........###.#...#
.....(..K.#..#..@#
###......s..##.s.#
##..##.#>..###...#######
#..###.#...##..........#
#.## #.##..............#
..# #..#.............[#
### #..#..............#
# ###...#..............#
#.....#.#.......###.####


You could see a neutral scorpion (fast, strong, insane).

Levels and vault maps discovered:
D:1:      dpeg_arrival_renting, layout_basic
D:2:      layout_rooms, shapermc_ecumenical_altar_acropolis, basic_altar
D:3:      minmay_diamond_boxcup, layout_basic, skrybe_limestone_x
D:4:      layout_rooms, general_overflow_altar, marbit_many_paths,
          minmay_temple_entry_statues_fountains, uniq_edmund, uniq_eustachio,
          uniq_duvessa, uniq_crazy_yiuf_cottage
D:5:      layout_rooms, kennysheep_ying_yang, uniq_prince_ribbit1, uniq_pikel,
          uniq_ijyb
D:6:      layout_cave_pools, mainiacjoe_overflow_two_lobes, serial_shops,
          shop_statue
Temple:   oiseaux_autumnal_temple

Notes
Turn   | Place    | Note
-------+----------+-------------------------------------------
     0 | D:5      | ABBCCCDDDD the Octopode Delver began the quest for the Orb.
     0 | D:5      | Reached XP level 1. HP: 16/16 MP: 1/1
     6 | D:5      | Noticed Ijyb
    54 | D:5      | Noticed a water moccasin
    89 | D:5      | Reached skill level 1 in Spellcasting
   184 | D:5      | Noticed a bullfrog
   190 | D:4      | Noticed an orc wizard
   205 | D:4      | Reached XP level 2. HP: 21/21 MP: 4/4
   219 | D:4      | Learned a level 2 spell: Slow
   221 | D:4      | Found a sacrificial altar of Ru.
   247 | D:4      | Noticed Eustachio
   370 | D:4      | Noticed Edmund
   388 | D:4      | Noticed Duvessa
   446 | D:2      | Found an ancient bone altar of Kikubaaqudgha.
   604 | D:2      | Reached skill level 1 in Hexes
   672 | D:2      | Reached XP level 3. HP: 19/26 MP: 5/5
  1630 | D:1      | Reached skill level 1 in Shields
  2037 | D:1      | Reached XP level 4. HP: 26/31 MP: 7/7
  3377 | D:2      | Found a faded altar of an unknown god.
  3913 | D:3      | You fall into a shaft and drop 3 floors!
  3926 | D:6      | Noticed a sky beast
  3933 | D:5      | Reached XP level 5. HP: 36/36 MP: 8/8
  3960 | D:4      | Noticed Dowan
  4224 | D:4      | Found a staircase to the Ecumenical Temple.
  4701 | Temple   | Entered the Ecumenical Temple
  4984 | D:4      | Succumbed to a scorpion's poison

Table legend: (Time is in decaauts)
 A = Elapsed time spent in this place.
 B = Non-inter-level travel time spent in this place.
 C = Inter-level travel time spent in this place.
 D = Time resting spent in this place.
 E = Time spent auto-exploring this place.
 F = Levels seen in this place.
 G = Mean time per level.
                   A        B        C        D        E       F      G
               +--------+--------+--------+--------+--------+-----+--------+
         Total |   4993 |   4818 |    175 |   1986 |   1844 |   7 |  713.3 |
       Dungeon |   4770 |   4634 |    136 |   1986 |   1675 |   6 |  795.0 |
        Temple |    222 |    183 |     39 |      0 |    169 |   1 |  222.0 |
               +--------+--------+--------+--------+--------+-----+--------+

Top non-repeatable levels by time:
     D:1: 2222 daAuts
     D:3: 1063 daAuts
     D:2: 795 daAuts
     D:4: 466 daAuts
  Temple: 222 daAuts
     D:5: 208 daAuts
     D:6: 14 daAuts

Table legend:
 A = Kills in this place as a percentage of kills in entire the game.
 B = Kills by you in this place as a percentage of kills by you in the entire game.
 C = Kills by friends in this place as a percentage of kills by friends in the entire game.
 D = Other kills in this place as a percentage of other kills in the entire game.
 E = Experience gained in this place as a percentage of experience gained in the entire game.
 F = Experience gained in this place divided by the number of levels of this place that you have seen.
                   A       B       C       D       E      F
               +-------+-------+-------+-------+-------+----------------------
         Total | 100.0 | 100.0 |   N/A |   N/A | 100.0 |  44.7
       Dungeon | 100.0 | 100.0 |   N/A |   N/A | 100.0 |  52.2
               +-------+-------+-------+-------+-------+----------------------

Action                   |  1- 3 |  4- 6 || total
-------------------------+-------+-------++-------
Melee: Short sword       |    75 |    67 ||   142
       Constrict         |    16 |    14 ||    30
       Tentacles         |    12 |    15 ||    27
Throw: Stone             |     1 |       ||     1
       Dart              |       |     1 ||     1
       Boomerang         |       |     1 ||     1
 Cast: Slow              |       |     2 ||     2
  Use: Scroll            |     1 |     2 ||     3
       Potion            |       |     1 ||     1
 Stab: Sleeping          |    13 |    17 ||    30
Armor: Skin              |     1 |       ||     1
Dodge: Dodged            |    36 |    26 ||    62
Block: Buckler           |     7 |     7 ||    14

Vanquished Creatures
  2 orc priests (D:3)
  An orc wizard (D:4)
  5 adders
  A worm (D:2)
  A dart slug (D:1)
  3 orcs
  10 ball pythons
  8 endoplasms
  6 giant cockroaches
  6 goblins
  9 hobgoblins
  4 jackals (D:5)
  3 kobolds
  9 quokkas
  3 bats
  4 rats
75 creatures vanquished.

Vanquished Creatures (others)
  A plant (D:2)
1 creature vanquished.

Grand Total: 76 creatures vanquished
